Senateurs vs Islanders
Created - May 13, 2022 at 20:42
Goals
|
| Senateurs |
1 |
1 |
0 |
2 |
| Islanders |
1 |
4 |
1 |
6 |
|
Shots
|
| Senateurs |
10 |
11 |
4 |
25 |
| Islanders |
10 |
16 |
10 |
36 |
|
1st period
1. Islanders , Marc-Édouard Vlasic 1 (Michael Latta 12, Zac Rinaldo 8) at 14:30
2. Senateurs , Jason Pominville 12 (Max Pacioretty 30) at 16:28
Penalties :
Brock McGinn (NyI) for Interference (Minor) at 10:11, Cody Franson (Ott) for Slashing (Minor) at 17:17
2nd period
3. Islanders , Brock McGinn 15 (Vladimir Tarasenko 37, Frans Nielsen 38) at 3:56
4. Islanders , Frans Nielsen 19 (Vladimir Tarasenko 38, Ryan Ellis 55) at 5:24 (PP)
5. Islanders , Ryan Ellis 11 (William Karlsson 12, Yann Sauvé 11) at 6:15 (PP)
6. Islanders , Ryan Ellis 12 (Frans Nielsen 39) at 11:26 (PP)
7. Senateurs , Jason Pominville 13 (Max Pacioretty 31, Cody Franson 12) at 15:52
Penalties :
Jason Pominville (Ott) for Hooking (Minor) at 5:07, Sidney Crosby (Ott) for Close Hand On Puck (Minor) at 6:00, Cody Franson (Ott) for Slashing (Minor) at 11:24
3rd period
8. Islanders , Brock McGinn 16 (Vladimir Tarasenko 39, Ryan Ellis 56) at 0:44
Penalties :
William Karlsson (NyI) for Hooking (Minor) at 1:05, Jason Pominville (Ott) for Diving (Minor) at 5:50, Jason Pominville (Ott) for Tripping (Minor) at 12:15
Goalie Stats
Brian Elliott (Ott), 15 saves from 17 shots - (0.882), 33:45 minutes
Jonathan Bernier (Ott), 15 saves from 19 shots - (0.789), L, 18-12-2, 26:15 minutes
Ryan Miller (NyI), 23 saves from 25 shots - (0.920), W, 19-25-5, 60:00 minutes
Players Stats for Senateurs
Player Name G A P +/- PIM S H SB GA TA FO MP PP MP PK MP
------------------------------------------------------------------------------------
Brandon Burlon 0 0 0 0 0 0 0 1 0 1 0/0 12:20 0:00 0:30
Cody Franson 0 1 1 0 4 2 2 1 0 0 0/0 19:17 1:30 1:44
Eric Gelinas 0 0 0 -1 0 1 0 1 0 1 0/0 27:51 2:28 3:42
Eric Wellwood 0 0 0 -1 0 2 0 0 0 1 0/0 8:51 0:00 1:44
Erik Haula 0 0 0 2 0 1 0 0 1 0 9/18 19:04 1:55 2:59
Jason Pominville 2 0 2 2 6 5 2 1 1 1 0/0 16:19 1:55 0:00
Loui Eriksson 0 0 0 0 0 1 0 1 1 0 0/0 10:17 0:00 0:00
Max Friberg 0 0 0 -1 0 1 0 1 0 0 0/0 7:07 0:00 0:00
Max Pacioretty 0 2 2 2 0 0 2 0 0 0 1/1 17:15 1:55 1:15
Mike Green 0 0 0 -1 0 4 1 2 0 1 0/0 27:51 2:28 3:42
Reilly Smith 0 0 0 -2 0 3 0 2 1 1 1/2 19:38 2:03 0:00
Rostislav Olesz 0 0 0 0 0 1 1 1 0 1 0/0 10:17 0:00 0:00
Ryan Getzlaf 0 0 0 -1 0 0 0 0 0 0 2/4 7:22 0:00 0:15
Sean Bergenheim 0 0 0 -2 0 0 1 0 0 0 1/2 23:37 2:03 3:32
Sidney Crosby 0 0 0 -2 2 3 1 0 0 2 18/36 23:16 2:03 3:17
Taylor Chorney 0 0 0 0 0 0 1 1 0 1 0/0 20:19 1:30 2:49
Tim Connolly 0 0 0 0 0 1 1 0 2 0 3/6 10:17 0:00 0:00
Wes O'Neill 0 0 0 0 0 0 2 1 1 0 0/0 12:25 0:00 0:35
Players Stats for Islanders
Player Name G A P +/- PIM S H SB GA TA FO MP PP MP PK MP
------------------------------------------------------------------------------------
Andrew Shaw 0 0 0 1 0 2 1 0 0 0 0/0 7:28 0:00 0:00
Brock McGinn 2 0 2 2 2 7 2 1 0 0 0/2 21:28 3:31 0:17
Craig Smith 0 0 0 0 0 2 1 0 0 0 0/2 10:54 0:00 0:00
Fedor Tyutin 0 0 0 0 0 1 2 3 1 2 0/0 18:37 2:32 1:33
Frans Nielsen 1 2 3 2 0 3 2 2 0 0 19/39 22:27 3:31 1:23
Justin Falk 0 0 0 1 0 1 0 2 0 0 0/0 13:05 0:00 0:00
Marc-Édouard Vlasic 1 0 1 1 0 1 0 1 0 0 0/0 13:05 0:00 0:00
Melker Karlsson 0 0 0 0 0 1 1 1 0 1 4/6 10:53 0:00 0:09
Michael Latta 0 1 1 1 0 0 0 1 0 1 1/2 7:28 0:00 0:00
Nikita Zadorov 0 0 0 0 0 0 0 1 0 0 0/0 18:37 2:32 1:33
Pierre-Edouard Bellemare 0 0 0 -2 0 0 1 1 0 0 0/0 15:12 0:00 0:55
Rick Nash 0 0 0 -2 0 2 1 0 1 0 0/0 18:57 3:00 2:11
Ryan Ellis 2 2 4 0 0 5 0 2 3 1 0/0 28:18 3:59 2:25
Sergei Plotnikov 0 0 0 0 0 1 0 0 1 1 0/1 14:24 3:00 0:52
Vladimir Tarasenko 0 3 3 2 0 6 2 2 3 0 3/5 22:36 3:31 2:09
William Karlsson 0 1 1 -2 2 4 1 0 0 0 7/11 16:45 3:00 0:00
Yann Sauvé 0 1 1 0 0 0 1 4 0 1 0/0 28:18 3:59 2:25
Zac Rinaldo 0 1 1 1 0 0 0 0 1 0 0/1 7:28 0:00 0:00
3 Stars
1 - Ryan Ellis (NyI)
2 - Frans Nielsen (NyI)
3 - Brock McGinn (NyI)
Power Play
Senateurs - 0 on 2 Attempt(s) - 0.00%
Islanders - 3 on 6 Attempt(s) - 50.00%
Penalty Kill
Senateurs - 3 on 6 Attempt(s) - 50.00%
- Score 0 goal in Penalty Kill
Islanders - 2 on 2 Attempt(s) - 100.00%
- Score 0 goal in Penalty Kill
Team Stat
Senateurs - Hits : 14 - Faceoff Wins : 35 - Blocked Shots : 13 - Penalty Minutes : 12
Islanders - Hits : 15 - Faceoff Wins : 34 - Blocked Shots : 21 - Penalty Minutes : 4
Official
Referees : Brandon Schrader and Pierre Lambert
Linesman : Brian Mach and Kyle Flemington
Game Notes
Brian Elliott enters game at 6:15 of 2nd period
Finance
Level 1 -- Attendance: 5522 (92.03%) -- Ticket Income $552,200
Level 2 -- Attendance: 5000 (100.00%) -- Ticket Income $300,000
Level 3 -- Attendance: 1944 (97.20%) -- Ticket Income $68,040
Level 4 -- Attendance: 4000 (100.00%) -- Ticket Income $100,000
Luxury Box -- Attendance: 923 (92.30%) -- Ticket Income $184,600
Game was played at the Nassau Coliseum.
Total Attendance: 17389 (96.61%)
Total Ticket Income: $1,204,840
Other Income: $180,726
Total Income: $1,385,566
Senateurs
5 vs 5 Forward
Center Left Wing Right Wing Time % Phy DF OF
1 Sidney Crosby Sean Bergenheim Reilly Smith 40 0 1 4
2 Erik Haula Max Pacioretty Jason Pominville 30 0 1 4
3 Tim Connolly Rostislav Olesz Loui Eriksson 20 0 2 3
4 Ryan Getzlaf Eric Wellwood Max Friberg 10 0 2 3
5 vs 5 Defense
Defense Defense Time % Phy DF OF
1 Eric Gelinas Mike Green 40 1 3 1
2 Cody Franson Taylor Chorney 30 1 3 1
3 Wes O'Neill Brandon Burlon 20 1 3 1
4 Eric Gelinas Mike Green 10 1 3 1
PowerPlay Forward
Center Left Wing Right Wing Time % Phy DF OF
1 Sidney Crosby Sean Bergenheim Reilly Smith 60 0 1 4
2 Erik Haula Max Pacioretty Jason Pominville 40 0 1 4
PowerPlay Defense
Defense Defense Time % Phy DF OF
1 Eric Gelinas Mike Green 60 0 2 3
2 Cody Franson Taylor Chorney 40 0 2 3
Penalty Kill 4 Players Forward
Center Wing Time % Phy DF OF
1 Sidney Crosby Sean Bergenheim 60 1 2 2
2 Erik Haula Max Pacioretty 40 1 2 2
Penalty Kill 4 Players Defense
Defense Defense Time % Phy DF OF
1 Eric Gelinas Mike Green 60 1 3 1
2 Cody Franson Taylor Chorney 40 1 3 1
Penalty Kill - 3 Players Forward
Forward Time % Phy DF OF
1 Sidney Crosby 60 1 3 1
2 Erik Haula 40 1 3 1
Penalty Kill - 3 Players Defense
Defense Defense Time % Phy DF OF
1 Eric Gelinas Mike Green 60 1 4 0
2 Cody Franson Taylor Chorney 40 1 4 0
4 vs 4 Forward
Center Wing Time % Phy DF OF
1 Sidney Crosby Sean Bergenheim 60 0 2 3
2 Erik Haula Max Pacioretty 40 0 2 3
4 vs 4 Defense
Defense Defense Time % Phy DF OF
1 Eric Gelinas Mike Green 60 1 3 1
2 Cody Franson Taylor Chorney 40 1 3 1
Last Minutes Offensive
Center Left Wing Right Wing Defense Defense
Sidney Crosby Sean Bergenheim Reilly Smith Eric Gelinas Mike Green
Last Minutes Defensive
Center Left Wing Right Wing Defense Defense
Sidney Crosby Sean Bergenheim Reilly Smith Eric Gelinas Mike Green
Goaltenders
Starting : Jonathan Bernier
Backup : Brian Elliott
Extra Forwards
Normal : Erik Haula, Loui Eriksson, Rostislav Olesz - PP : Erik Haula, Loui Eriksson - PK : Erik Haula
Extra Defensemen
Normal : Taylor Chorney, Wes O'Neill, Brandon Burlon - PP : Taylor Chorney - PK : Taylor Chorney, Wes O'Neill
Penalty Shots
Sidney Crosby, Sean Bergenheim, Reilly Smith, Max Pacioretty, Erik Haula
Scratches
Sergei Kostitsyn (Healthy), T.J. Fast (Healthy)
Islanders
5 vs 5 Forward
Center Left Wing Right Wing Time % Phy DF OF
1 Frans Nielsen Brock McGinn Vladimir Tarasenko 40 1 2 2
2 William Karlsson Pierre-Edouard Bellemare Rick Nash 30 1 2 2
3 Melker Karlsson Sergei Plotnikov Craig Smith 20 1 2 2
4 Michael Latta Zac Rinaldo Andrew Shaw 10 1 2 2
5 vs 5 Defense
Defense Defense Time % Phy DF OF
1 Ryan Ellis Yann Sauvé 40 1 2 2
2 Fedor Tyutin Nikita Zadorov 30 1 2 2
3 Marc-Édouard Vlasic Justin Falk 20 1 2 2
4 Ryan Ellis Yann Sauvé 10 1 2 2
PowerPlay Forward
Center Left Wing Right Wing Time % Phy DF OF
1 Frans Nielsen Brock McGinn Vladimir Tarasenko 60 1 2 2
2 William Karlsson Sergei Plotnikov Rick Nash 40 1 2 2
PowerPlay Defense
Defense Defense Time % Phy DF OF
1 Ryan Ellis Yann Sauvé 60 1 2 2
2 Fedor Tyutin Nikita Zadorov 40 1 2 2
Penalty Kill 4 Players Forward
Center Wing Time % Phy DF OF
1 Vladimir Tarasenko Rick Nash 60 1 2 2
2 Frans Nielsen Pierre-Edouard Bellemare 40 1 2 2
Penalty Kill 4 Players Defense
Defense Defense Time % Phy DF OF
1 Ryan Ellis Yann Sauvé 60 1 2 2
2 Fedor Tyutin Nikita Zadorov 40 1 2 2
Penalty Kill - 3 Players Forward
Forward Time % Phy DF OF
1 Vladimir Tarasenko 60 1 2 2
2 Rick Nash 40 1 2 2
Penalty Kill - 3 Players Defense
Defense Defense Time % Phy DF OF
1 Ryan Ellis Yann Sauvé 60 1 2 2
2 Fedor Tyutin Nikita Zadorov 40 1 2 2
4 vs 4 Forward
Center Wing Time % Phy DF OF
1 Vladimir Tarasenko Rick Nash 60 1 2 2
2 Frans Nielsen Pierre-Edouard Bellemare 40 1 2 2
4 vs 4 Defense
Defense Defense Time % Phy DF OF
1 Ryan Ellis Yann Sauvé 60 1 2 2
2 Fedor Tyutin Nikita Zadorov 40 1 2 2
Last Minutes Offensive
Center Left Wing Right Wing Defense Defense
Frans Nielsen Pierre-Edouard Bellemare Vladimir Tarasenko Ryan Ellis Yann Sauvé
Last Minutes Defensive
Center Left Wing Right Wing Defense Defense
Frans Nielsen Pierre-Edouard Bellemare Vladimir Tarasenko Ryan Ellis Yann Sauvé
Goaltenders
Starting : Ryan Miller
Backup : Keith Kinkaid
Extra Forwards
Normal : Zac Rinaldo, Craig Smith, Brock McGinn - PP : Zac Rinaldo, Craig Smith - PK : Brock McGinn
Extra Defensemen
Normal : Marc-Édouard Vlasic, Justin Falk, Fedor Tyutin - PP : Marc-Édouard Vlasic - PK : Justin Falk, Fedor Tyutin
Penalty Shots
Vladimir Tarasenko, Rick Nash, Frans Nielsen, Pierre-Edouard Bellemare, Sergei Plotnikov
Scratches
Carl Klingberg (Healthy), Jiri Hudler (Healthy), Julien Ellis (Healthy)
% Time on Ice - Senateurs
Lines # - Real PCT - Wanted PCT - Time Play
Normal Forward
1 - 36% - 40% - 18:02
2 - 28% - 30% - 14:05
3 - 21% - 20% - 10:17
4 - 14% - 10% - 7:07
Normal Defense
1 - 39% - 40% - 19:12
2 - 32% - 30% - 16:00
3 - 24% - 20% - 11:50
4 - 5% - 10% - 2:29
PP Forward
1 - 52% - 60% - 2:03
2 - 48% - 40% - 1:55
PP Defense
1 - 62% - 60% - 2:28
2 - 38% - 40% - 1:30
PK Forward
1 - 81% - 60% - 5:16
2 - 19% - 40% - 1:15
PK Defense
1 - 57% - 60% - 3:42
2 - 43% - 40% - 2:49
PK3 Forward
1 - 0% - 60%
2 - 0% - 40%
PK3 Defense
1 - 0% - 60%
2 - 0% - 40%
44 Forward
1 - 0% - 60%
2 - 0% - 40%
44 Defense
1 - 0% - 60%
2 - 0% - 40%
Last Minute Offensive - 0:00
Last Minute Defensive - 0:00
Total
Forward - 60:00
Defense - 60:00
|
% Time on Ice - Islanders
Lines # - Real PCT - Wanted PCT - Time Play
Normal Forward
1 - 34% - 40% - 16:56
2 - 29% - 30% - 14:23
3 - 22% - 20% - 10:44
4 - 15% - 10% - 7:28
Normal Defense
1 - 39% - 40% - 19:23
2 - 29% - 30% - 14:32
3 - 26% - 20% - 13:05
4 - 5% - 10% - 2:31
PP Forward
1 - 54% - 60% - 3:31
2 - 46% - 40% - 3:00
PP Defense
1 - 61% - 60% - 3:59
2 - 39% - 40% - 2:32
PK Forward
1 - 77% - 60% - 3:03
2 - 23% - 40% - 0:55
PK Defense
1 - 61% - 60% - 2:25
2 - 39% - 40% - 1:33
PK3 Forward
1 - 0% - 60%
2 - 0% - 40%
PK3 Defense
1 - 0% - 60%
2 - 0% - 40%
44 Forward
1 - 0% - 60%
2 - 0% - 40%
44 Defense
1 - 0% - 60%
2 - 0% - 40%
Last Minute Offensive - 0:00
Last Minute Defensive - 0:00
Total
Forward - 60:00
Defense - 60:00
|
Play-by-Play
1st period
0:01 of 1st period - Sidney Crosby wins face-off versus Brock McGinn in neutral zone.
0:04 of 1st period - Snap shot by Sidney Crosby.
0:04 of 1st period - Shot Misses the Net.
0:06 of 1st period - Snap shot by Eric Gelinas.
0:06 of 1st period - Shot Blocked by Frans Nielsen.
0:08 of 1st period - Wrist shot by Reilly Smith.
0:08 of 1st period - Shot Blocked by Yann Sauvé.
0:10 of 1st period - Slapshot by Eric Gelinas.
0:10 of 1st period - Shot Hit the Post.
0:12 of 1st period - Slapshot by Mike Green.
0:12 of 1st period - Stopped by Ryan Miller with a rebound.
0:14 of 1st period - Snap shot by Mike Green.
0:14 of 1st period - Shot Blocked by Brock McGinn.
0:16 of 1st period - Backhand shot by Mike Green.
0:16 of 1st period - Deflect By Vladimir Tarasenko.
0:16 of 1st period - Stopped by Ryan Miller with a rebound.
0:47 of 1st period - Snap shot by Eric Wellwood.
0:47 of 1st period - Stopped by Ryan Miller without a rebound.
0:48 of 1st period - Melker Karlsson wins face-off versus Ryan Getzlaf in Islanders zone.
0:59 of 1st period - Slapshot by Fedor Tyutin.
0:59 of 1st period - Deflect By Craig Smith.
0:59 of 1st period - Shot Blocked by Wes O'Neill.
0:59 of 1st period - Puck is out of play.
1:00 of 1st period - Tim Connolly wins face-off versus Michael Latta in Senateurs zone.
1:07 of 1st period - Snap shot by Mike Green.
1:07 of 1st period - Deflect By Loui Eriksson.
1:07 of 1st period - Stopped by Ryan Miller with a rebound.
1:09 of 1st period - Slapshot by Mike Green.
1:09 of 1st period - Shot Blocked by Justin Falk.
1:11 of 1st period - Slapshot by Eric Gelinas.
1:11 of 1st period - Shot Misses the Net.
1:13 of 1st period - Slapshot by Mike Green.
1:13 of 1st period - Shot Blocked by Michael Latta.
1:15 of 1st period - Wrist shot by Mike Green.
1:15 of 1st period - Stopped by Ryan Miller without a rebound.
1:16 of 1st period - Frans Nielsen wins face-off versus Sidney Crosby in Islanders zone.
1:21 of 1st period - Eric Gelinas is hit by Fedor Tyutin.
1:31 of 1st period - Slapshot by Sidney Crosby.
1:31 of 1st period - Shot Misses the Net.
1:50 of 1st period - Slapshot by Erik Haula.
1:50 of 1st period - Shot Misses the Net.
1:53 of 1st period - Icing by Nikita Zadorov.
1:54 of 1st period - Tim Connolly wins face-off versus William Karlsson in Islanders zone.
2:09 of 1st period - Loui Eriksson is hit by Fedor Tyutin and loses puck.
2:34 of 1st period - Wrist shot by Rick Nash.
2:34 of 1st period - Shot Blocked by Taylor Chorney.
2:36 of 1st period - Wrist shot by Pierre-Edouard Bellemare.
2:36 of 1st period - Shot Misses the Net.
3:29 of 1st period - Snap shot by Rostislav Olesz.
3:29 of 1st period - Stopped by Ryan Miller with a rebound.
3:43 of 1st period - William Karlsson is hit by Cody Franson and loses puck.
3:56 of 1st period - Snap shot by Rick Nash.
3:56 of 1st period - Stopped by Jonathan Bernier with a rebound.
3:58 of 1st period - Snap shot by Rick Nash.
3:58 of 1st period - Stopped by Jonathan Bernier without a rebound.
3:59 of 1st period - Sidney Crosby wins face-off versus Vladimir Tarasenko in Senateurs zone.
5:29 of 1st period - Snap shot by Marc-Édouard Vlasic.
5:29 of 1st period - Deflect By Melker Karlsson.
5:29 of 1st period - Shot Blocked by Max Friberg.
5:29 of 1st period - Puck is out of play.
5:30 of 1st period - Melker Karlsson wins face-off versus Ryan Getzlaf in Senateurs zone.
5:35 of 1st period - Snap shot by Melker Karlsson.
5:35 of 1st period - Stopped by Jonathan Bernier without a rebound.
5:36 of 1st period - Sidney Crosby wins face-off versus Frans Nielsen in Senateurs zone.
6:17 of 1st period - Slapshot by Mike Green.
6:17 of 1st period - Shot Blocked by Yann Sauvé.
7:32 of 1st period - Wrist shot by Max Friberg.
7:32 of 1st period - Stopped by Ryan Miller without a rebound.
7:33 of 1st period - Ryan Getzlaf wins face-off versus Frans Nielsen in Islanders zone.
7:37 of 1st period - Icing by Ryan Ellis.
7:38 of 1st period - Sidney Crosby wins face-off versus Frans Nielsen in Islanders zone.
7:47 of 1st period - Reilly Smith is hit by Frans Nielsen and loses puck.
8:16 of 1st period - Slapshot by Erik Haula.
8:16 of 1st period - Shot Blocked by Ryan Ellis.
9:19 of 1st period - Wrist shot by Erik Haula.
9:19 of 1st period - Stopped by Ryan Miller with a rebound.
9:34 of 1st period - Icing by Melker Karlsson.
9:35 of 1st period - Melker Karlsson wins face-off versus Sidney Crosby in Islanders zone.
9:59 of 1st period - Off-side.
10:00 of 1st period - Max Pacioretty wins face-off versus Frans Nielsen in neutral zone.
10:11 of 1st period - Minor Penalty to Brock McGinn for Interference.
10:12 of 1st period - Vladimir Tarasenko wins face-off versus Sidney Crosby in Islanders zone.
12:11 of 1st period - Penalty to Brock McGinn is over, Brock McGinn is back on ice.
12:57 of 1st period - Slapshot by Ryan Ellis.
12:57 of 1st period - Shot Blocked by Rostislav Olesz.
12:59 of 1st period - Slapshot by Ryan Ellis.
12:59 of 1st period - Stopped by Jonathan Bernier without a rebound.
13:00 of 1st period - Michael Latta wins face-off versus Tim Connolly in Senateurs zone.
13:29 of 1st period - Snap shot by Sean Bergenheim.
13:29 of 1st period - Shot Misses the Net.
14:07 of 1st period - Slapshot by Ryan Getzlaf.
14:07 of 1st period - Deflect By Eric Wellwood.
14:07 of 1st period - Shot Blocked by Justin Falk.
14:07 of 1st period - Puck is out of play.
14:08 of 1st period - Ryan Getzlaf wins face-off versus Zac Rinaldo in Islanders zone.
14:28 of 1st period - Wrist shot by Michael Latta.
14:28 of 1st period - Shot Blocked by Cody Franson.
14:30 of 1st period - Slapshot by Marc-Édouard Vlasic.
14:30 of 1st period - Goal by Marc-Édouard Vlasic - Senateurs : 0 - Islanders : 1.
14:31 of 1st period - Frans Nielsen wins face-off versus Sidney Crosby in neutral zone.
15:09 of 1st period - Snap shot by Craig Smith.
15:09 of 1st period - Stopped by Jonathan Bernier with a rebound.
15:27 of 1st period - Wrist shot by Andrew Shaw.
15:27 of 1st period - Stopped by Jonathan Bernier with a rebound.
15:29 of 1st period - Slapshot by Fedor Tyutin.
15:29 of 1st period - Stopped by Jonathan Bernier without a rebound.
15:30 of 1st period - Vladimir Tarasenko wins face-off versus Sean Bergenheim in Senateurs zone.
15:35 of 1st period - Snap shot by Frans Nielsen.
15:35 of 1st period - Stopped by Jonathan Bernier without a rebound.
15:36 of 1st period - Frans Nielsen wins face-off versus Sidney Crosby in Senateurs zone.
16:18 of 1st period - Wrist shot by Sidney Crosby.
16:18 of 1st period - Stopped by Ryan Miller with a rebound.
16:20 of 1st period - Wrist shot by Sean Bergenheim.
16:20 of 1st period - Deflect By Sidney Crosby.
16:20 of 1st period - Shot Blocked by Frans Nielsen.
16:20 of 1st period - Puck is out of play.
16:21 of 1st period - Erik Haula wins face-off versus William Karlsson in Islanders zone.
16:28 of 1st period - Slapshot by Jason Pominville.
16:28 of 1st period - Goal by Jason Pominville - Senateurs : 1 - Islanders : 1.
16:29 of 1st period - Frans Nielsen wins face-off versus Sidney Crosby in neutral zone.
17:17 of 1st period - Minor Penalty to Cody Franson for Slashing.
17:18 of 1st period - Sidney Crosby wins face-off versus Frans Nielsen in Senateurs zone.
17:31 of 1st period - Wrist shot by Vladimir Tarasenko.
17:31 of 1st period - Stopped by Jonathan Bernier with a rebound.
19:17 of 1st period - Penalty to Cody Franson is over, Cody Franson is back on ice.
19:32 of 1st period - Zac Rinaldo is hit by Wes O'Neill and loses puck.
19:47 of 1st period - Brandon Burlon is hit by Melker Karlsson and loses puck.
Goals for this period are 1 for Senateurs vs 1 for Islanders.
Shots for this period are 10 for Senateurs vs 10 for Islanders.
2nd period
0:01 of 2nd period - Frans Nielsen wins face-off versus Sidney Crosby in neutral zone.
0:10 of 2nd period - Wrist shot by Frans Nielsen.
0:10 of 2nd period - Stopped by Jonathan Bernier without a rebound.
0:11 of 2nd period - Sidney Crosby wins face-off versus Frans Nielsen in Senateurs zone.
0:11 of 2nd period - Sidney Crosby is hit by Vladimir Tarasenko.
0:17 of 2nd period - Sidney Crosby is hit by Vladimir Tarasenko and loses puck.
1:55 of 2nd period - Wrist shot by Eric Wellwood.
1:55 of 2nd period - Stopped by Ryan Miller without a rebound.
1:56 of 2nd period - William Karlsson wins face-off versus Erik Haula in Islanders zone.
2:03 of 2nd period - Backhand shot by Ryan Ellis.
2:03 of 2nd period - Stopped by Jonathan Bernier with a rebound.
3:40 of 2nd period - Snap shot by Brock McGinn.
3:40 of 2nd period - Deflect By Vladimir Tarasenko.
3:40 of 2nd period - Shot Blocked by Reilly Smith.
3:40 of 2nd period - Puck is out of play.
3:41 of 2nd period - Frans Nielsen wins face-off versus Sidney Crosby in Senateurs zone.
3:56 of 2nd period - Slapshot by Brock McGinn.
3:56 of 2nd period - Goal by Brock McGinn - Senateurs : 1 - Islanders : 2.
3:57 of 2nd period - Reilly Smith wins face-off versus Brock McGinn in neutral zone.
4:23 of 2nd period - Eric Gelinas is hit by Pierre-Edouard Bellemare and loses puck.
4:33 of 2nd period - Icing by Erik Haula.
4:34 of 2nd period - Melker Karlsson wins face-off versus Erik Haula in Senateurs zone.
4:37 of 2nd period - Wrist shot by Craig Smith.
4:37 of 2nd period - Shot Misses the Net.
4:39 of 2nd period - Snap shot by Sergei Plotnikov.
4:39 of 2nd period - Shot Misses the Net.
4:41 of 2nd period - Slapshot by Justin Falk.
4:41 of 2nd period - Stopped by Jonathan Bernier without a rebound.
4:42 of 2nd period - Sidney Crosby wins face-off versus Craig Smith in Senateurs zone.
5:00 of 2nd period - Snap shot by Sergei Plotnikov.
5:00 of 2nd period - Shot Misses the Net.
5:02 of 2nd period - Wrist shot by Craig Smith.
5:02 of 2nd period - Stopped by Jonathan Bernier without a rebound.
5:03 of 2nd period - Frans Nielsen wins face-off versus Erik Haula in Senateurs zone.
5:07 of 2nd period - Minor Penalty to Jason Pominville for Hooking.
5:08 of 2nd period - Sidney Crosby wins face-off versus Frans Nielsen in Senateurs zone.
5:22 of 2nd period - Snap shot by Vladimir Tarasenko.
5:22 of 2nd period - Stopped by Jonathan Bernier with a rebound.
5:24 of 2nd period - Snap shot by Frans Nielsen.
5:24 of 2nd period - Goal by Frans Nielsen - Senateurs : 1 - Islanders : 3.
5:25 of 2nd period - Frans Nielsen wins face-off versus Sidney Crosby in neutral zone.
5:30 of 2nd period - Snap shot by Vladimir Tarasenko.
5:30 of 2nd period - Stopped by Jonathan Bernier without a rebound.
5:31 of 2nd period - Sidney Crosby wins face-off versus Frans Nielsen in Senateurs zone.
5:55 of 2nd period - Slapshot by Vladimir Tarasenko.
5:55 of 2nd period - Shot Misses the Net.
6:00 of 2nd period - Minor Penalty to Sidney Crosby for Close Hand On Puck.
6:01 of 2nd period - Erik Haula wins face-off versus Sergei Plotnikov in Senateurs zone.
6:15 of 2nd period - Backhand shot by Ryan Ellis.
6:15 of 2nd period - Goal by Ryan Ellis - Senateurs : 1 - Islanders : 4.
6:15 of 2nd period - Brian Elliott enters game.
6:16 of 2nd period - Sidney Crosby wins face-off versus Frans Nielsen in neutral zone.
6:25 of 2nd period - Snap shot by Sidney Crosby.
6:25 of 2nd period - Deflect By Reilly Smith.
6:25 of 2nd period - Shot Misses the Net.
6:25 of 2nd period - Puck is out of play.
6:26 of 2nd period - Frans Nielsen wins face-off versus Sidney Crosby in Islanders zone.
6:44 of 2nd period - Wrist shot by Sidney Crosby.
6:44 of 2nd period - Stopped by Ryan Miller without a rebound.
6:45 of 2nd period - William Karlsson wins face-off versus Erik Haula in Islanders zone.
7:12 of 2nd period - Brock McGinn is hit by Taylor Chorney and loses puck.
7:19 of 2nd period - Snap shot by Sean Bergenheim.
7:19 of 2nd period - Shot Misses the Net.
7:21 of 2nd period - Snap shot by Sidney Crosby.
7:21 of 2nd period - Stopped by Ryan Miller without a rebound.
7:22 of 2nd period - Sidney Crosby wins face-off versus Melker Karlsson in Islanders zone.
8:38 of 2nd period - Wrist shot by Ryan Getzlaf.
8:38 of 2nd period - Shot Misses the Net.
8:40 of 2nd period - Slapshot by Ryan Getzlaf.
8:40 of 2nd period - Shot Blocked by Marc-Édouard Vlasic.
8:42 of 2nd period - Slapshot by Cody Franson.
8:42 of 2nd period - Stopped by Ryan Miller without a rebound.
8:43 of 2nd period - Sidney Crosby wins face-off versus Frans Nielsen in Islanders zone.
9:16 of 2nd period - Icing by Mike Green.
9:17 of 2nd period - Erik Haula wins face-off versus William Karlsson in Senateurs zone.
9:32 of 2nd period - Fedor Tyutin is hit by Max Pacioretty and loses puck.
9:54 of 2nd period - Off-side.
9:55 of 2nd period - Frans Nielsen wins face-off versus Reilly Smith in neutral zone.
10:00 of 2nd period - Sidney Crosby is hit by Frans Nielsen.
10:12 of 2nd period - Wrist shot by Reilly Smith.
10:12 of 2nd period - Stopped by Ryan Miller without a rebound.
10:13 of 2nd period - Tim Connolly wins face-off versus Craig Smith in Islanders zone.
10:19 of 2nd period - Yann Sauvé is hit by Rostislav Olesz and loses puck.
10:44 of 2nd period - Wrist shot by Brock McGinn.
10:44 of 2nd period - Stopped by Brian Elliott without a rebound.
10:45 of 2nd period - Frans Nielsen wins face-off versus Sidney Crosby in Senateurs zone.
11:16 of 2nd period - Wrist shot by William Karlsson.
11:16 of 2nd period - Stopped by Brian Elliott without a rebound.
11:17 of 2nd period - William Karlsson wins face-off versus Erik Haula in Senateurs zone.
11:22 of 2nd period - Slapshot by Ryan Ellis.
11:22 of 2nd period - Deflect By Max Pacioretty.
11:22 of 2nd period - Stopped by Brian Elliott with a rebound.
11:24 of 2nd period - Minor Penalty to Cody Franson for Slashing.
11:25 of 2nd period - Frans Nielsen wins face-off versus Sidney Crosby in Senateurs zone.
11:26 of 2nd period - Slapshot by Ryan Ellis.
11:26 of 2nd period - Goal by Ryan Ellis - Senateurs : 1 - Islanders : 5.
11:27 of 2nd period - Sean Bergenheim wins face-off versus Frans Nielsen in neutral zone.
12:03 of 2nd period - Wrist shot by Rick Nash.
12:03 of 2nd period - Shot Blocked by Jason Pominville.
12:05 of 2nd period - Slapshot by William Karlsson.
12:05 of 2nd period - Stopped by Brian Elliott without a rebound.
12:06 of 2nd period - Frans Nielsen wins face-off versus Tim Connolly in Senateurs zone.
12:15 of 2nd period - Slapshot by Brock McGinn.
12:15 of 2nd period - Shot Misses the Net.
12:21 of 2nd period - Backhand shot by Cody Franson.
12:21 of 2nd period - Shot Blocked by Vladimir Tarasenko.
13:50 of 2nd period - Rostislav Olesz is hit by Brock McGinn and loses puck.
13:59 of 2nd period - Snap shot by Loui Eriksson.
13:59 of 2nd period - Shot Blocked by Fedor Tyutin.
14:01 of 2nd period - Slapshot by Cody Franson.
14:01 of 2nd period - Shot Misses the Net.
14:03 of 2nd period - Backhand shot by Cody Franson.
14:03 of 2nd period - Stopped by Ryan Miller without a rebound.
14:04 of 2nd period - Sidney Crosby wins face-off versus William Karlsson in Islanders zone.
14:05 of 2nd period - Slapshot by Reilly Smith.
14:05 of 2nd period - Stopped by Ryan Miller without a rebound.
14:06 of 2nd period - William Karlsson wins face-off versus Sidney Crosby in Islanders zone.
15:04 of 2nd period - Wrist shot by Tim Connolly.
15:04 of 2nd period - Stopped by Ryan Miller without a rebound.
15:05 of 2nd period - Frans Nielsen wins face-off versus Sidney Crosby in Islanders zone.
15:34 of 2nd period - Snap shot by Jason Pominville.
15:34 of 2nd period - Stopped by Ryan Miller without a rebound.
15:35 of 2nd period - William Karlsson wins face-off versus Erik Haula in Islanders zone.
15:48 of 2nd period - Snap shot by Max Pacioretty.
15:48 of 2nd period - Shot Misses the Net.
15:52 of 2nd period - Wrist shot by Jason Pominville.
15:52 of 2nd period - Goal by Jason Pominville - Senateurs : 2 - Islanders : 5.
15:53 of 2nd period - Sidney Crosby wins face-off versus Frans Nielsen in neutral zone.
16:00 of 2nd period - Ryan Ellis is hit by Mike Green and loses puck.
16:19 of 2nd period - Sean Bergenheim is hit by William Karlsson.
16:25 of 2nd period - Snap shot by Eric Gelinas.
16:25 of 2nd period - Shot Misses the Net.
16:27 of 2nd period - Slapshot by Sidney Crosby.
16:27 of 2nd period - Shot Blocked by Pierre-Edouard Bellemare.
16:29 of 2nd period - Slapshot by Sean Bergenheim.
16:29 of 2nd period - Shot Misses the Net.
16:31 of 2nd period - Snap shot by Sean Bergenheim.
16:31 of 2nd period - Shot Blocked by Ryan Ellis.
16:33 of 2nd period - Backhand shot by Reilly Smith.
16:33 of 2nd period - Stopped by Ryan Miller without a rebound.
16:34 of 2nd period - Erik Haula wins face-off versus Frans Nielsen in Islanders zone.
16:45 of 2nd period - Snap shot by Erik Haula.
16:45 of 2nd period - Shot Misses the Net.
16:47 of 2nd period - Slapshot by Brandon Burlon.
16:47 of 2nd period - Shot Blocked by Nikita Zadorov.
16:49 of 2nd period - Snap shot by Erik Haula.
16:49 of 2nd period - Shot Blocked by Fedor Tyutin.
16:51 of 2nd period - Snap shot by Jason Pominville.
16:51 of 2nd period - Shot Misses the Net.
17:01 of 2nd period - Nikita Zadorov is hit by Tim Connolly and loses puck.
17:28 of 2nd period - Mike Green is hit by Rick Nash and loses puck.
17:43 of 2nd period - Cody Franson is hit by Andrew Shaw and loses puck.
17:50 of 2nd period - Snap shot by Andrew Shaw.
17:50 of 2nd period - Deflect By Cody Franson.
17:50 of 2nd period - Stopped by Brian Elliott without a rebound.
17:51 of 2nd period - Erik Haula wins face-off versus Frans Nielsen in Senateurs zone.
19:11 of 2nd period - Wrist shot by William Karlsson.
19:11 of 2nd period - Stopped by Brian Elliott without a rebound.
19:12 of 2nd period - Sidney Crosby wins face-off versus Frans Nielsen in Senateurs zone.
19:38 of 2nd period - Marc-Édouard Vlasic is hit by Jason Pominville and loses puck.
Goals for this period are 1 for Senateurs vs 4 for Islanders.
Shots for this period are 11 for Senateurs vs 16 for Islanders.
3rd period
0:01 of 3rd period - Frans Nielsen wins face-off versus Sidney Crosby in neutral zone.
0:08 of 3rd period - Slapshot by Vladimir Tarasenko.
0:08 of 3rd period - Stopped by Brian Elliott without a rebound.
0:09 of 3rd period - Frans Nielsen wins face-off versus Sidney Crosby in Senateurs zone.
0:12 of 3rd period - Slapshot by Ryan Ellis.
0:12 of 3rd period - Shot Blocked by Mike Green.
0:20 of 3rd period - Wrist shot by Frans Nielsen.
0:20 of 3rd period - Shot Blocked by Mike Green.
0:22 of 3rd period - Snap shot by Frans Nielsen.
0:22 of 3rd period - Shot Misses the Net.
0:28 of 3rd period - Wrist shot by Vladimir Tarasenko.
0:28 of 3rd period - Stopped by Brian Elliott with a rebound.
0:30 of 3rd period - Wrist shot by Brock McGinn.
0:30 of 3rd period - Stopped by Brian Elliott with a rebound.
0:42 of 3rd period - Snap shot by Vladimir Tarasenko.
0:42 of 3rd period - Shot Misses the Net.
0:44 of 3rd period - Wrist shot by Brock McGinn.
0:44 of 3rd period - Goal by Brock McGinn - Senateurs : 2 - Islanders : 6.
0:45 of 3rd period - William Karlsson wins face-off versus Erik Haula in neutral zone.
1:05 of 3rd period - Minor Penalty to William Karlsson for Hooking.
1:06 of 3rd period - Vladimir Tarasenko wins face-off versus Sidney Crosby in Islanders zone.
1:38 of 3rd period - Slapshot by Eric Gelinas.
1:38 of 3rd period - Shot Hit the Post.
1:40 of 3rd period - Slapshot by Eric Gelinas.
1:40 of 3rd period - Shot Misses the Net.
2:34 of 3rd period - Off-side.
2:35 of 3rd period - Sidney Crosby wins face-off versus Frans Nielsen in neutral zone.
3:05 of 3rd period - Penalty to William Karlsson is over, William Karlsson is back on ice.
3:26 of 3rd period - Snap shot by Craig Smith.
3:26 of 3rd period - Shot Misses the Net.
4:06 of 3rd period - Snap shot by Brock McGinn.
4:06 of 3rd period - Shot Blocked by Brandon Burlon.
5:04 of 3rd period - Wrist shot by Max Friberg.
5:04 of 3rd period - Shot Misses the Net.
5:06 of 3rd period - Snap shot by Mike Green.
5:06 of 3rd period - Shot Misses the Net.
5:50 of 3rd period - Minor Penalty to Jason Pominville for Diving.
5:51 of 3rd period - Frans Nielsen wins face-off versus Sidney Crosby in Senateurs zone.
7:20 of 3rd period - Taylor Chorney is hit by Yann Sauvé and loses puck.
7:50 of 3rd period - Penalty to Jason Pominville is over, Jason Pominville is back on ice.
9:06 of 3rd period - Wrist shot by Rick Nash.
9:06 of 3rd period - Shot Blocked by Loui Eriksson.
9:35 of 3rd period - Sean Bergenheim is hit by Brock McGinn and loses puck.
10:12 of 3rd period - Fedor Tyutin is hit by Max Pacioretty.
10:24 of 3rd period - Slapshot by Loui Eriksson.
10:24 of 3rd period - Shot Blocked by Fedor Tyutin.
10:50 of 3rd period - Sergei Plotnikov is hit by Sean Bergenheim and loses puck.
11:11 of 3rd period - Eric Gelinas is hit by Craig Smith and loses puck.
11:28 of 3rd period - Wrist shot by Sergei Plotnikov.
11:28 of 3rd period - Shot Blocked by Reilly Smith.
11:30 of 3rd period - Snap shot by Sergei Plotnikov.
11:30 of 3rd period - Shot Misses the Net.
11:32 of 3rd period - Slapshot by Nikita Zadorov.
11:32 of 3rd period - Shot Blocked by Eric Gelinas.
11:34 of 3rd period - Slapshot by Melker Karlsson.
11:34 of 3rd period - Shot Misses the Net.
11:36 of 3rd period - Snap shot by Sergei Plotnikov.
11:36 of 3rd period - Stopped by Brian Elliott without a rebound.
11:37 of 3rd period - Frans Nielsen wins face-off versus Erik Haula in Senateurs zone.
11:50 of 3rd period - Snap shot by Jason Pominville.
11:50 of 3rd period - Stopped by Ryan Miller without a rebound.
11:51 of 3rd period - Erik Haula wins face-off versus Frans Nielsen in Islanders zone.
11:52 of 3rd period - Backhand shot by Jason Pominville.
11:52 of 3rd period - Stopped by Ryan Miller without a rebound.
11:53 of 3rd period - Frans Nielsen wins face-off versus Erik Haula in Islanders zone.
11:53 of 3rd period - Frans Nielsen is hit by Jason Pominville.
12:04 of 3rd period - Ryan Ellis is hit by Cody Franson and loses puck.
12:15 of 3rd period - Minor Penalty to Jason Pominville for Tripping.
12:16 of 3rd period - Sidney Crosby wins face-off versus Frans Nielsen in Senateurs zone.
12:23 of 3rd period - Vladimir Tarasenko is hit by Sidney Crosby and loses puck.
13:52 of 3rd period - Icing by Sergei Plotnikov.
13:53 of 3rd period - Erik Haula wins face-off versus Frans Nielsen in Islanders zone.
13:56 of 3rd period - Slapshot by Eric Wellwood.
13:56 of 3rd period - Shot Blocked by Vladimir Tarasenko.
14:15 of 3rd period - Penalty to Jason Pominville is over, Jason Pominville is back on ice.
14:28 of 3rd period - Slapshot by Ryan Ellis.
14:28 of 3rd period - Shot Misses the Net.
14:32 of 3rd period - Snap shot by Michael Latta.
14:32 of 3rd period - Shot Misses the Net.
14:44 of 3rd period - Snap shot by Loui Eriksson.
14:44 of 3rd period - Shot Blocked by Melker Karlsson.
14:46 of 3rd period - Slapshot by Mike Green.
14:46 of 3rd period - Stopped by Ryan Miller without a rebound.
14:47 of 3rd period - William Karlsson wins face-off versus Tim Connolly in Islanders zone.
14:54 of 3rd period - Wrist shot by William Karlsson.
14:54 of 3rd period - Stopped by Brian Elliott with a rebound.
14:59 of 3rd period - Off-side.
15:00 of 3rd period - Erik Haula wins face-off versus Vladimir Tarasenko in neutral zone.
15:17 of 3rd period - Wrist shot by Vladimir Tarasenko.
15:17 of 3rd period - Shot Misses the Net.
15:41 of 3rd period - Slapshot by Ryan Ellis.
15:41 of 3rd period - Shot Misses the Net.
17:27 of 3rd period - Slapshot by Eric Gelinas.
17:27 of 3rd period - Stopped by Ryan Miller without a rebound.
17:28 of 3rd period - Sidney Crosby wins face-off versus Frans Nielsen in Islanders zone.
17:39 of 3rd period - Wrist shot by Vladimir Tarasenko.
17:39 of 3rd period - Stopped by Brian Elliott with a rebound.
17:41 of 3rd period - Wrist shot by Brock McGinn.
17:41 of 3rd period - Stopped by Brian Elliott with a rebound.
17:43 of 3rd period - Wrist shot by Brock McGinn.
17:43 of 3rd period - Stopped by Brian Elliott with a rebound.
17:45 of 3rd period - Snap shot by Brock McGinn.
17:45 of 3rd period - Stopped by Brian Elliott without a rebound.
17:46 of 3rd period - Erik Haula wins face-off versus Melker Karlsson in Senateurs zone.
17:51 of 3rd period - Wrist shot by Erik Haula.
17:51 of 3rd period - Shot Blocked by Yann Sauvé.
17:53 of 3rd period - Snap shot by Max Pacioretty.
17:53 of 3rd period - Shot Blocked by Yann Sauvé.
19:19 of 3rd period - Fedor Tyutin is hit by Wes O'Neill and loses puck.
19:46 of 3rd period - Snap shot by Sergei Plotnikov.
19:46 of 3rd period - Shot Misses the Net.
19:58 of 3rd period - Snap shot by Max Pacioretty.
19:58 of 3rd period - Shot Misses the Net.
Goals for this period are 0 for Senateurs vs 1 for Islanders.
Shots for this period are 4 for Senateurs vs 10 for Islanders.